 Dungeon Crawl Stone Soup version 0.30.0-29-ga12c61a403 (webtiles) character file.

Game seed: 38549411585792864

809 seaoflcl the Chopper (level 7, 0/61 HPs)
             Began as a Minotaur Fighter on June 14, 2023.
             Was an Initiate of Ru.
             Slain by a gnoll
             ... wielding a +0 halberd
              (9 damage)
             ... on level 5 of the Dungeon.
             The game lasted 00:06:05 (4134 turns).

seaoflcl the Chopper (Minotaur Fighter)             Turns: 4134, Time: 00:06:05

Health: 0/61       AC: 16    Str: 23    XL:     7   Next: 61%
Magic:  6/6        EV:  6    Int:  5    God:    Ru [......]
Gold:   364        SH:  4    Dex:  9    Spells: 6/6 levels left

rFire   . . .        E - +1 hand axe (flame)
rCold   . . .        c - +0 buckler
rNeg    . . .        b - +0 plate armour
rPois   .            (helmet restricted)
rElec   .            o - +0 cloak
rCorr   .            (no gloves)
SInv    .            x - +2 pair of boots
Will    .....        (no amulet) Stlth
                     (no ring)
HPRegen 0.30/turn    (no ring)
MPRegen 0.10/turn

%: no passive effects
@: no status effects
A: horns 2, no stealth, retaliatory headbutt
a: Renounce Religion


You were on level 5 of the Dungeon.
You worshipped Ru.
Ru was noncommittal.
You visited 1 branch of the dungeon, and saw 5 of its levels.

You collected 364 gold pieces.

Inventory:

Hand Weapons
 a - a +0 war axe
 y - a +1 short sword of speed
 z - a +4 flail
 E - a +1 hand axe of flaming (weapon)
Missiles
 f - a throwing net (quivered)
 n - 9 poisoned darts
Armour
 b - a +0 plate armour (worn)
 c - a +0 buckler (worn)
 o - a +0 cloak (worn)
 x - a +2 pair of boots (worn)
Jewellery
 s - a +6 ring of intelligence
 D - the ring of Shadows {Umbra +Inv Stlth+}
   (You found it on level 4 of the Dungeon)

   [ring of stealth]

   Umbra:     It surrounds you with an aura of shadow, increasing your stealth
   and reducing the accuracy of all others within it.
   +Inv:      It lets you turn invisible.
   Stlth:     It makes you more stealthy.
Scrolls
 h - 3 scrolls of teleportation
 i - 2 scrolls of fear {unknown}
 j - 4 scrolls of identify {unknown}
 l - a scroll of torment {unknown}
 r - 5 scrolls of vulnerability
 v - 2 scrolls of magic mapping {unknown}
 w - 2 scrolls of amnesia {unknown}
 A - a scroll of fog {unknown}
 B - a scroll of poison {unknown}
 C - a scroll of acquirement {unknown}
 F - a scroll of enchant weapon {unknown}
Potions
 d - 2 potions of might
 e - 2 potions of mutation {unknown}
 g - 3 potions of curing {unknown}
 k - a potion of brilliance {unknown}
 m - a potion of cancellation {unknown}
 p - 2 potions of haste {unknown}
 q - a potion of flight {unknown}
 t - 3 potions of ambrosia
 u - 2 potions of berserk rage {unknown}


   Skills:
 + Level 5.4 Fighting
 + Level 6.2(6.4) Axes
 + Level 2.1(4.5) Maces & Flails
 + Level 2.9 Throwing
 + Level 5.4 Armour
 + Level 5.3 Shields


You had 6 spell levels left.
You didn't know any spells.
Your spell library contained the following spells:

 Spells                   Type           Power      Damage    Failure   Level
 Blink                    Tloc           0%         N/A       100%        2
 Lesser Beckoning         Tloc           0%         N/A       100%        2
 Momentum Strike          Conj/Tloc      0%         3d8       100%        2
 Gell's Gravitas          Tloc           0%         N/A       100%        3
 Portal Projectile        Hex/Tloc       0%         N/A       100%        3
 Teleport Other           Tloc           0%         N/A       100%        3
 Tukima's Dance           Hex            0%         N/A       100%        3
 Olgreb's Toxic Radiance  Pois           0%         N/A       100%        4
 Blade Hands              Tmut           0%         N/A       100%        5
 Discord                  Hex            0%         N/A       100%        8
 Ignition                 Fire           0%         3d3       100%        8


Dungeon Overview and Level Annotations

Branches:
Dungeon (5/15)
 Temple: D:4-7

Altars:
Gozag
Ru
Trog
Uskayaw
Vehumet


Innate Abilities, Weirdness & Mutations

You have a pair of horns on your head.
You cannot be stealthy.
You reflexively headbutt those who attack you in melee.


Message History

The gnoll is severely wounded.
You hit the iguana but do no damage. You block the gnoll's attack.
The iguana bites you!
You closely miss the gnoll.
The gnoll is severely wounded.
You hit the iguana but do no damage. The iguana bites you.
The gnoll hits you but does no damage.
You completely miss the gnoll.
The gnoll is severely wounded.
You barely miss the iguana. x2; The gnoll hits you with a +0 halberd!
The iguana bites you.
* * * LOW HITPOINT WARNING * * *
The iguana barely misses you. The gnoll hits you but does no damage.
Things that are here:
a +0 flail; a gnoll corpse The iguana attacks as you move away!
The iguana barely misses you. You furiously retaliate!
You headbutt the iguana! The iguana attacks as you move away!
The iguana bites you.
* * * LOW HITPOINT WARNING * * *
The iguana attacks as you move away! The iguana bites you.
* * * LOW HITPOINT WARNING * * *
The iguana attacks as you move away! You block the iguana's attack.
You closely miss the iguana. Your headbutt misses the iguana.
The iguana is almost dead.
You hit the iguana. You burn the iguana.
The iguana bites you but does no damage.
The gnoll hits you but does no damage.
The iguana bites you but does no damage.
You closely miss the iguana.
The iguana is almost dead.
You slash the iguana! You burn the iguana.
You kill the iguana!
The gnoll hits you but does no damage. The iguana bites you.
* * * LOW HITPOINT WARNING * * *
You hit the iguana. You burn the iguana.
You kill the iguana!
The gnoll barely misses you.
Found a pair of gloves.
The gnoll hits you with a +0 halberd!
You die...

.........[..#
...............#
...............#
..............##
...............#
..............#
#...........#
#....g@....#
#...).....<#
##.)......##
##......##
#.....## #######


You could see a gnoll.

Vanquished Creatures
  An ogre (D:4)
  2 howler monkeys (D:4)
  3 hounds (D:4)
  An orc priest (D:4)
  2 jellies
  Jessica (D:3)
  3 iguanas
  An orc wizard (D:4)
  6 adders
  15 gnolls
  An ufetubus (D:5)
  A dart slug (D:2)
  22 orcs
  4 ball pythons
  5 bats
  6 endoplasms
  6 giant cockroaches
  8 goblins
  5 hobgoblins
  18 jackals
  5 quokkas
  5 frilled lizards
  5 kobolds
  6 rats
132 creatures vanquished.

Vanquished Creatures (others)
  A goblin (D:4)
1 creature vanquished.

Grand Total: 133 creatures vanquished

Notes
Turn   | Place    | Note
-------+----------+-------------------------------------------
     0 | D:1      | seaoflcl the Minotaur Fighter began the quest for the Orb.
     0 | D:1      | Reached XP level 1. HP: 19/19 MP: 0/0
   298 | D:1      | Reached XP level 2. HP: 24/27 MP: 1/1
   506 | D:1      | Reached skill level 3 in Axes
   758 | D:2      | Reached XP level 3. HP: 30/33 MP: 2/2
  1197 | D:3      | Found a sacrificial altar of Ru.
  1222 | D:3      | Became a worshipper of Ru the Awakened
  1394 | D:3      | Noticed Jessica
  1400 | D:3      | Killed Jessica
  1401 | D:3      | Reached XP level 4. HP: 28/40 MP: 3/3
  1499 | D:3      | Found a bloodstained altar of Trog.
  1532 | D:3      | Found a faded altar of an unknown god.
  1604 | D:3      | Reached skill level 4 in Axes
  1829 | D:3      | Gained mutation: You cannot be stealthy. [Ru sacrifice]
  1863 | D:3      | Found an opulent altar of Gozag.
  2114 | D:4      | Found a hide-covered altar of Uskayaw.
  2199 | D:4      | Reached skill level 1 in Throwing
  2201 | D:4      | Reached XP level 5. HP: 25/47 MP: 4/4
  2403 | D:4      | Reached skill level 5 in Axes
  2403 | D:4      | Reached XP level 6. HP: 47/53 MP: 5/5
  2808 | D:4      | Found a radiant altar of Vehumet.
  2884 | D:4      | Reached skill level 5 in Fighting
  2884 | D:4      | Reached skill level 1 in Maces & Flails
  2884 | D:4      | Reached skill level 5 in Armour
  2884 | D:4      | Reached skill level 5 in Shields
  3015 | D:4      | Reached XP level 7. HP: 32/61 MP: 6/6
  3440 | D:4      | Found the ring of Shadows {Umbra +Inv Stlth+}
  3550 | D:4      | Reached skill level 6 in Axes
  4099 | D:5      | Entered Level 5 of the Dungeon
  4134 | D:5      | Slain by a gnoll

Illustrated notes

Levels and vault maps discovered:
D:1:      minmay_arrival_three_doors, layout_basic, minmay_vboxes
D:2:      layout_basic
D:3:      layout_basic, mainiacjoe_overflow_alcove_4, marbit_many_paths,
          nicolae_ru_sacrificial_ziggurat, hellmonk_ecumenical_altar_blasted,
          minmay_close_crescents, uniq_jessica
D:4:      lemuel_castle_with_subvaults [lemuel_castle_interior_carwin_2],
          layout_cave_pods, fiery_altar_vehumet,
          mainiacjoe_overflow_tiny_flanked
D:5:      layout_rooms, minmay_misc_feat_room, dreamdust_mushroom_princess

Skill      XL: |  1  2  3  4  5  6  7 |
---------------+----------------------+-----
Axes           | 3 4 5 6 |  6.2
Fighting       | 4 5 |  5.4
Armour         | 4 5 |  5.4
Shields        | 4 5 |  5.3
Throwing       | 1 2 |  2.9
Maces & Flails | 1 2 |  2.1

Action                     |  1- 3 |  4- 6 |  7- 9 || total
---------------------------+-------+-------+-------++-------
  Melee: War axe           |    86 |   130 |    51 ||   267
         Headbutt          |    10 |    14 |     8 ||    32
         Hand axe          |       |       |    24 ||    24
 Invoke: Sacrifice Stealth |       |     1 |       ||     1
    Use: Scroll            |       |       |     2 ||     2
 Armour: Plate armour      |    56 |   105 |    63 ||   224
         Chain mail        |     5 |       |       ||     5
  Dodge: Dodged            |    23 |    57 |    32 ||   112
  Block: Buckler           |    13 |    36 |    20 ||    69
